 Seeded DCSS version 0.29.1-15-g9cfb28693d (webtiles) character file.

Game seed: 1005979220513258592 (custom seed)

1349 Psyclone the Magician (level 8, -9/44 HPs)
             Began as a Deep Elf Fire Elementalist on Sept 21, 2023.
             Was an Initiate of Gozag.
             Mangled by an orc warrior
             ... wielding a +0 great mace
              (20 damage)
             ... on level 6 of the Dungeon.
             The game lasted 00:15:03 (7712 turns).

Psyclone the Magician (Deep Elf Fire Elementalist)  Turns: 7712, Time: 00:15:03

Health: -9/44      AC:  5    Str:  5    XL:     8   Next: 36%
Magic:  13/18      EV: 14    Int: 23    God:    Gozag
Gold:   483        SH:  7    Dex: 15    Spells: 10/18 levels left

rFire   . . .      SeeInvis .   q - +0 dagger (speed)
rCold   . . .      Faith    .   w - +2 buckler {reflect}
rNeg    . . .      Spirit   .   a - +0 robe
rPois   +          Reflect  +   (no helmet)
rElec   .          Harm     .   s - +0 cloak
rCorr   .          Rampage  .   x - +0 pair of gloves
Will    .....                   c - +0 pair of boots
Stlth   +++.......              (no amulet)
HPRegen 0.14/turn               p - ring of poison resistance
MPRegen 0.16/turn               (no ring)

@: gold aura
A: no striking features
a: Renounce Religion, Potion Petition, Call Merchant, Bribe Branch


You were on level 6 of the Dungeon.
You worshipped Gozag.
Gozag was aware of your devotion.
You visited 1 branch of the dungeon, and saw 6 of its levels.

You collected 582 gold pieces.
You paid 99 gold pieces to Gozag.

Inventory:

Hand Weapons
 q - a +0 dagger of speed (weapon)
Missiles
 g - 9 poisoned darts
 F - a throwing net {!f}
Armour
 a - a +0 robe (worn)
 c - a +0 pair of boots (worn)
 s - a +0 cloak (worn)
 w - a +2 buckler of reflection (worn)
 x - a +0 pair of gloves (worn)
Jewellery
 p - a ring of poison resistance (left hand)
 C - a ring of flight
Wands
 E - a wand of digging (5)
Scrolls
 h - 5 scrolls of acquirement {unknown}
 i - 2 scrolls of enchant weapon {unknown}
 k - 3 scrolls of vulnerability {unknown}
 l - a scroll of immolation {unknown}
 n - 3 scrolls of identify {unknown}
 y - a scroll of fear {unknown}
 z - a scroll of enchant armour {unknown}
 A - 2 scrolls of blinking {unknown}
 D - a scroll of teleportation {unknown}
Potions
 b - a potion of magic
 d - 3 potions of cancellation {unknown}
 e - 3 potions of lignification {unknown}
 f - a potion of haste {unknown}
 j - 2 potions of mutation {unknown}
 m - a potion of resistance {unknown}
 o - a potion of brilliance {unknown}
 r - 4 potions of might {unknown}
 t - 2 potions of attraction {unknown}
 u - 3 potions of curing {unknown}
 v - 2 potions of heal wounds {unknown}
 B - a potion of invisibility {unknown}


   Skills:
 + Level 2.0 Fighting
 + Level 5.4 Dodging
 - Level 4.3 Stealth
 - Level 4.0 Shields
 + Level 5.9 Spellcasting
 + Level 4.3 Conjurations
 + Level 5.4 Fire Magic


You had 10 spell levels left.
You knew the following spells:

 Your Spells              Type           Power      Damage    Failure   Level
a - Foxfire               Conj/Fire      100%       2x1d9     1%          1
b - Scorch                Fire           62%        2d8       1%          2
c - Conjure Flame         Conj/Fire      29%        6-21      4%          3
q - Blink                 Tloc           12%        N/A       17%         2

Your spell library contained the following spells:

 Spells                   Type           Power      Damage    Failure   Level
 Inner Flame              Hex/Fire       19%        N/A       11%         3
 Flame Wave               Conj/Fire      29%        2d9       14%         4
 Poisonous Vapours        Pois/Air       12%        N/A       17%         2
 Lesser Beckoning         Tloc           6%         N/A       32%         3
 Fireball                 Conj/Fire      14%        3d8       38%         5
 Iskenderun's Battlesphe  Conj           26%        2d8       45%         5
 Manifold Assault         Tloc           6%         N/A       97%         5
 Conjure Ball Lightning   Conj/Air       8%         3x3d6     100%        6
 Orb of Destruction       Conj           13%        9d7       100%        7
 Corpse Rot               Necr/Pois/Air  Unusable   N/A       N/A         4

Dungeon Overview and Level Annotations

Branches:
Dungeon (6/15) Zot: 24835  Temple (0/1) D:6

Altars:
Elyvilon
Gozag
Qazlal
Sif Muna
Xom
Yredelemnul
The Shining One

Shops:
D:4 *   D:6 :

Annotations:
D:6 Twinkles's ghost, novice VSCj


Message History

Casting: Foxfire (safe; 1% risk of failure)
Confirm with . or Enter, or press ? or * to list all spells.
You conjure some foxfire!
The foxfire hits the orc.
The orc is heavily wounded.
The foxfire hits the orc!
You kill the orc!
You block the orc warrior's attack.
You now have 16/18 mp.
Casting: Foxfire (safe; 1% risk of failure)
Confirm with . or Enter, or press ? or * to list all spells.
You conjure some foxfire!
The foxfire hits the orc warrior.
The orc warrior is lightly wounded.
The foxfire hits the orc warrior but does no damage.
The orc warrior is lightly wounded.
The orc warrior misses you.
The orc throws a boomerang of dispersal.
The boomerang of dispersal misses you.
You now have 15/18 mp.
Casting: Foxfire (safe; 1% risk of failure)
Confirm with . or Enter, or press ? or * to list all spells.
You conjure some foxfire!
The foxfire hits the orc.
The orc is severely wounded.
The foxfire hits the orc!
You kill the orc!
The orc warrior hits you with a +0 great mace!!
Ouch! That really hurt!
* * * LOW HITPOINT WARNING * * *
The orc is distracted by your dazzling golden aura.
You take 22 damage, and have 11/44 hp.
MASSIVE DAMAGE!!
You now have 14/18 mp.
Casting: Foxfire (safe; 1% risk of failure)
Confirm with . or Enter, or press ? or * to list all spells.
You conjure some foxfire!
The orc shouts!
The foxfire hits the orc warrior but does no damage.
The orc warrior is lightly wounded.
The foxfire hits the orc warrior but does no damage.
The orc warrior is lightly wounded.
The orc warrior hits you with a +0 great mace!!
You die...
Your body crumbles into a pile of gold.

##.....(.'.#...[#.......
#.##.#..#.#...)#..#####
#.##.#..#..##..##.#
#.##.#W.#..#8.. #.# #
#.##....#o.##..##'## #
#>###...#o....8#...## #
#.###oo8########....###
#....v$o## ##.......##
#####§@..####..)......#
#§§v....'..........
#....####......#.##
###.#.## ##.....#...
#......# ##....#.#.
#...##.# ##...#.#.
#..###.# ##'.#.#.
#......# #..#...
##.##### ##..#.##


You could see an orc warrior (ally target), an orc priest, Twinkles's ghost and
2 orcs.

Vanquished Creatures
  Menkaure (D:4)
  A water moccasin (D:6)
  3 ice beasts
  A phantom (D:6)
  A bullfrog (D:6)
  2 howler monkeys (D:6)
  6 hounds
  Crazy Yiuf (D:2)
  An orc priest (D:6)
  2 gnoll boudas
  3 jellies (D:6)
  Jessica (D:2)
  An iguana (D:6)
  4 gnolls
  5 adders
  An ufetubus (D:6)
  5 worms
  2 dart slugs
  13 orcs
  5 ball pythons
  3 bats
  7 endoplasms
  4 giant cockroaches
  5 goblins
  9 hobgoblins
  2 jackals (D:1)
  2 quokkas
  3 frilled lizards (D:1)
  4 kobolds
  5 rats
  A spectral orc (D:4)
104 creatures vanquished.

Vanquished Creatures (others)
  643 foxfires
643 creatures vanquished.

Grand Total: 747 creatures vanquished

Notes
Turn   | Place    | Note
-------+----------+-------------------------------------------
     0 | D:1      | Psyclone the Deep Elf Fire Elementalist began the quest for
                  | the Orb.
     0 | D:1      | Reached XP level 1. HP: 10/10 MP: 6/6
   327 | D:1      | Reached XP level 2. HP: 5/15 MP: 4/8
  1425 | D:2      | Reached XP level 3. HP: 19/19 MP: 2/9
  1510 | D:2      | Learned a level 2 spell: Scorch
  1635 | D:2      | Noticed Jessica
  1638 | D:2      | Killed Jessica
  1863 | D:2      | Reached XP level 4. HP: 24/24 MP: 5/11
  2300 | D:2      | Found a runed translucent door.
  2301 | D:2      | Noticed Crazy Yiuf
  2320 | D:2      | Killed Crazy Yiuf
  2813 | D:3      | Found a faded altar of an unknown god.
  3621 | D:4      | Reached XP level 5. HP: 27/28 MP: 6/13
  3982 | D:4      | Noticed Menkaure
  3988 | D:4      | Killed Menkaure
  3989 | D:4      | Reached XP level 6. HP: 32/32 MP: 4/14
  4124 | D:4      | Learned a level 3 spell: Conjure Flame
  4127 | D:4      | Learned a level 2 spell: Blink
  4221 | D:4      | Found a basalt altar of Yredelemnul.
  4398 | D:4      | Found Kufur's Overcharged Wands.
  4431 | D:4      | Reached skill level 1 in Shields
  4710 | D:5      | Entered Level 5 of the Dungeon
  4858 | D:5      | Identified the +1 hand axe of Disarray {elec, Str+4}
  4920 | D:5      | Noticed an ice beast
  4932 | D:5      | Killed an ice beast
  4933 | D:5      | Reached XP level 7. HP: 36/36 MP: 9/16
  5131 | D:5      | Found an opulent altar of Gozag.
  5131 | D:5      | Found a shimmering blue altar of Sif Muna.
  5132 | D:5      | Found a white marble altar of Elyvilon.
  5135 | D:5      | Became a worshipper of Gozag Ym Sagoz the Greedy
  5152 | D:5      | Found a shimmering altar of Xom.
  5363 | D:5      | Found a glowing golden altar of the Shining One.
  5989 | D:6      | Found a stormy altar of Qazlal.
  5991 | D:6      | Found Famapau's Book Emporium.
  6056 | D:6      | Reached skill level 1 in Fighting
  6056 | D:6      | Reached skill level 5 in Spellcasting
  6583 | D:6      | Reached skill level 5 in Fire Magic
  6583 | D:6      | Reached XP level 8. HP: 43/43 MP: 6/18
  6595 | D:6      | Reached skill level 5 in Dodging
  7068 | D:6      | Found a runed translucent gate.
  7069 | D:6      | Found a runed translucent gate.
  7070 | D:6      | Found a runed translucent gate.
  7073 | D:6      | Noticed Twinkles's ghost (novice VSCj)
  7199 | D:6      | Found a staircase to the Ecumenical Temple.
  7712 | D:6      | Mangled by an orc warrior

Illustrated notes

Levels and vault maps discovered:
D:1:      lemuel_arrival_hallway, layout_basic,
          amcnicky_mini_rare_corridor_liquid
D:2:      layout_rooms, dk_noncrumbling_3, chequers_serial_rivers_room_a,
          uniq_crazy_yiuf_cottage, uniq_jessica
D:3:      layout_basic, hellmonk_ecumenical_altar_pennies_from_heaven,
          grunt_ministairs_3
D:4:      layout_basic, yredelemnul_forgotten_temple_becter,
          nicolae_shop_overcharged_wands, uniq_menkaure
D:5:      layout_rooms, tso_altar, nicolae_overflow_quartered_altars,
          minmay_statues_item
D:6:      layout_loops_corners, mainiacjoe_overflow_cross_hatched, temple_hall,
          serial_shops, shop, biasface_ghost_orc_armoury

Skill      XL: |  1  2  3  4  5  6  7  8 |
---------------+-------------------------+-----
Stealth        | 3 4 |  4.3
Dodging        | 3 4 5 |  5.4
Conjurations   | 2 3 4 |  4.3
Spellcasting   | 4 5 |  5.9
Fire Magic     | 4 5 |  5.4
Shields        | 3 4 |  4.0
Fighting       | 1 2 |  2.0

Action                   |  1- 3 |  4- 6 |  7- 9 || total
-------------------------+-------+-------+-------++-------
Melee: Dagger            |       |     7 |       ||     7
 Cast: Foxfire           |    75 |   156 |   137 ||   368
Armor: Robe              |     8 |     7 |     9 ||    24
Dodge: Dodged            |    29 |    25 |    25 ||    79
Block: Buckler           |       |     1 |     8 ||     9
